Workbook

Sheet BDI (00,00%)
B4: Quadro de Composição do BDI
B6: Construção e Reforma de Edifícios
B8: Conforme legislação tributária municipal, definir estimativa de percentual da base de cálculo para o ISS: | G8: 0
B9: Sobre a base de cálculo, definir a respectiva alíquota do ISS (entre 2% e 5%): | G9: 0
B11: Itens | C11: Siglas | D11: Preencher percentuais das parcelas do BDI | E11: Situação intervalo admissível | F11: 1º Quartil | G11: Médio | H11: 3º Quartil
B12: Administração Central | C12: AC | D12: 0 | E12: - | F12: 0.03 | G12: 0.04 | H12: 0.055
B13: Seguro e Garantia | C13: SG | D13: 0 | E13: - | F13: 0.008 | G13: 0.008 | H13: 0.01
B14: Risco | C14: R | D14: 0 | E14: - | F14: 0.0097 | G14: 0.0127 | H14: 0.0127
B15: Despesas Financeiras | C15: DF | D15: 0 | E15: - | F15: 0.0059 | G15: 0.0123 | H15: 0.0139
B16: Lucro | C16: L | D16: 0 | E16: - | F16: 0.0616 | G16: 0.074 | H16: 0.0896
B17: Tributos (impostos COFINS 3%, e PIS 0,65%) | C17: CP | D17: 0 | E17: =IF(AND(D17>=F17, D17<=H17), "OK", "Não OK") -> Não OK | F17: 0.0365 | G17: 0.0365 | H17: 0.0365
B18: Tributos (ISS, variável de acordo com o município) | C18: ISS | D18: =G9*G8 -> 0 | E18: =IF(AND(D18>=F18, D18<=H18), "OK", "Não OK") -> OK | F18: 0 | G18: 0.025 | H18: 0.05
B19: Tributos (Contribuição Previdenciária - 0% ou 4,5%, conforme Lei 13.161/2015 - Desoneração) | C19: CPRB | D19: 0 | E19: =IF(AND(D19>=F19, D19<=H19), "OK", "Não OK") -> OK | F19: 0 | G19: 0.02 | H19: 0.045
B20: Fórmula de BDI adotado conforme Acórdão TCU | C20: BDI PAD | D20: =ROUND((((1+D12+D13+D14)*(1+D15)*(1+D16)/(1-(D17+D18)))-1),4) -> 0 | E20: =IF(AND(D20>=F20, D20<=H20), "OK", "Não OK") -> Não OK | F20: 0.2034 | G20: 0.2212 | H20: 0.25
B21: BDI SINAPI DESONERADO (A ser aplicado na Planilha Orçamentária) | C21: BDI DES | D21: =ROUND((((1+D12+D13+D14)*(1+D15)*(1+D16)/(1-(D17+D18+D19)))-1),4) -> 0 | E21: =IF(COUNTIF($E$12:$E$20,"NÃO OK")>0,"NÃO OK","OK") -> NÃO OK
B23: Os valores de BDI foram calculados com o emprego da fórmula abaixo:
B25: Declaro para os devidos fins que, conforme legislação tributária municipal, a base de cálculo para Construção e Reforma de Edifícios, é de 50%, com a respectiva alíquota de 5%.
B26: Declaro para os devidos fins que para o cálculo deste BDI, optamos pelo Orçamento COM DESONERAÇÃO, e que esta alternativa é a mais adequada para a Administração Pública.

Sheet L.S.(00,00%)
B3: ENCARGOS SOCIAIS SOBRE A MÃO DE OBRA (COM DESONERAÇÃO)
B4: CÓDIGO | F4: DESCRIÇÃO | I4: HORISTAS
F5: GRUPO A
B6: A1 | C6: INSS | I6: 0
B7: A2 | C7: SESI | I7: 0
B8: A3 | C8: SENAI | I8: 0
B9: A4 | C9: INCRA | I9: 0
B10: A5 | C10: SEBRAE | I10: 0
B11: A6 | C11: SALÁRIO EDUCAÇÃO | I11: 0
B12: A7 | C12: SEGURO CONTRA ACIDENTES DE TRABALHO | I12: 0
B13: A8 | C13: FGTS | I13: 0
B14: A9 | C14: SECONCI | I14: 0
B15: A | C15: TOTAL DOS ENCARGOS SOCIAIS BÁSICOS | I15: =SUM(I6:I14) -> 0
F16: GRUPO B
B17: B1 | C17: REPOUSO SEMANAL REMUNERADO | I17: 0
B18: B2 | C18: FERIADOS | I18: 0
B19: B3 | C19: AUXÍLIO - ENFERMIDADE | I19: 0
B20: B4 | C20: 13º SALÁRIO | I20: 0
B21: B5 | C21: LICENÇA PATERNIDADE | I21: 0
B22: B6 | C22: FALTAS JUSTIFICADAS | I22: 0
B23: B7 | C23: DIAS DE CHUVAS | I23: 0
B24: B8 | C24: AUXÍLIO ACIDENTE DE TRABALHO | I24: 0
B25: B9 | C25: FÉRIAS GOZADAS | I25: 0
B26: B10 | C26: SALÁRIO MATERNIDADE | I26: 0
B27: B | C27: TOTAL DOS ENCARGOS SOCIAIS QUE RECEBEM AS INCIDENCIAS DE A | I27: =SUM(I17:I26) -> 0
F28: GRUPO C
B29: C1 | C29: AVISO PRÉVIO INDENIZADO | I29: 0
B30: C2 | C30: AVISO PRÉVIO TRABALHADO | I30: 0
B31: C3 | C31: FÉRIAS INDENIZADAS | I31: 0
B32: C4 | C32: DEPÓSITO RESCISÃO SEM JUSTA CAUSA | I32: 0
B33: C5 | C33: INDENIZAÇÃO ADICIONAL | I33: 0
B34: C | C34: TOTAL DOS ENCARGOS QUE NÃO RECEBEM AS INCIDÊNCIAS GLOBAIS DE A | I34: =SUM(I29:I33) -> 0
F35: GRUPO D
B36: D1 | C36: REINCIDÊNCIA DE GRUPO A SOBRE GRUPO B | I36: 0
B37: D2 | C37: REINCIDÊNCIA DE GRUPO A SOBRE AVISO PRÉVIO TRABALHADO E | I37: 0
C38: REINCIDÊNCIA DO FGTS SOBRE AVISO PRÉVIO INDENIZADO
B39: D | C39: TOTAL DE REINCIDÊNCIAS DE UM GRUPO SOBRE O OUTRO | I39: =SUM(I36:I38) -> 0
B40: TOTAL ( A+B+C+D ) | I40: =I15+I27+I34+I39 -> 0
B42: FONTE: INFORMAÇÃO DIAS DE CHUVA - INMET

Sheet Planilha
B4: PLANILHA ORÇAMENTÁRIA - COM DESONERAÇÃO | I4: 45876
B7: Unidade | C7: CAPS AD NORTE | I7: BDI= | J7: ='BDI (00,00%)'!D21 -> 0
B8: Objeto | C8: EXECUÇÃO DE MURO DE DIVISA E REFORMA DO REFEITÓRIO | I8: LEIS SOCIAIS= | J8: ='L.S.(00,00%)'!I40 -> 0
B9: Local | C9: RUA JOAQUIM ROSA DOS SANTOS, 851
C10: VILA CLEMENTINA | G10: Cidade: | H10: SÃO JOSÉ DO RIO PRETO - SP
B12: REF.: PREÇOS: SINAPI-JUN./2025; CDHU-BOL.198; FDE-ABR./2025; ORSE-JUN./2025
B14: ITEM | C14: FONTE | D14: CÓDIGO | E14: DESCRIÇÃO | F14: UNID | G14: QUANT | H14: CUSTO UNITÁRIO (R$) | I14: UNITÁRIO COM BDI (R$) | J14: VALOR TOTAL COM BDI (R$)
B15: 1 | E15: SERVIÇOS PRELIMINARES | J15: =J16+J21+J24 -> 0
B16: 1.1 | E16: SERVIÇOS INICIAIS | J16: =SUM(J17:J20) -> 0
B17: 1.1.1 | C17: CDHU-D | D17: 34.13.041 | E17: CORTE, RECORTE E REMOÇÃO DE ÁRVORE INCLUSIVE AS RAÍZES - DIÂMETRO (DAP)>45CM<60CM | F17: UN | G17: 3 | H17: 0 | I17: =ROUND(ROUND(H17,2)*(1+J$7),2) -> 0 | J17: =ROUND(G17*I17,2) -> 0
B18: 1.1.2 | C18: FDE | D18: 16.03.464 | E18: PODA DE CONSERVAÇAO / ADEQUAÇAO PARA ARVORES COM ALTURA ATE 10M TOPO DA COPA | F18: UN | G18: 5 | H18: 0 | I18: =ROUND(ROUND(H18,2)*(1+J$7),2) -> 0 | J18: =ROUND(G18*I18,2) -> 0
B19: 1.1.3 | C19: FDE | D19: 16.03.465 | E19: PODA DE CONSERVAÇAO / ADEQUAÇAO PARA ARVORES TOPO DA COPA COM ALTURA SUPERIOR A 10M | F19: UN | G19: 1 | H19: 0 | I19: =ROUND(ROUND(H19,2)*(1+J$7),2) -> 0 | J19: =ROUND(G19*I19,2) -> 0
B20: 1.1.4 | C20: FDE | D20: 01.02.001 | E20: CORTE E ATERRO DENTRO DA OBRA COM TRANSPORTE INTERNO | F20: M3 | G20: 35.34 | H20: 0 | I20: =ROUND(ROUND(H20,2)*(1+J$7),2) -> 0 | J20: =ROUND(G20*I20,2) -> 0
B21: 1.2 | E21: CANTEIRO | J21: =SUM(J22:J23) -> 0
B22: 1.2.1 | C22: CDHU-D | D22: 02.02.150 | E22: LOCAÇÃO DE CONTAINER TIPO DEPÓSITO - ÁREA MÍNIMA DE 13,80 M² | F22: UNXMÊS | G22: 2 | H22: 0 | I22: =ROUND(ROUND(H22,2)*(1+J$7),2) -> 0 | J22: =ROUND(G22*I22,2) -> 0
B23: 1.2.2 | C23: CDHU-D | D23: 02.08.050 | E23: PLACA EM LONA COM IMPRESSÃO DIGITAL E ESTRUTURA EM MADEIRA | F23: M2 | G23: 4.5 | H23: 0 | I23: =ROUND(ROUND(H23,2)*(1+J$7),2) -> 0 | J23: =ROUND(G23*I23,2) -> 0
B24: 1.3 | E24: DEMOLIÇÃO E RETIRADA | J24: =SUM(J25:J28) -> 0
B25: 1.3.1 | C25: CDHU-D | D25: 04.09.140 | E25: RETIRADA DE POSTE OU SISTEMA DE SUSTENTAÇÃO PARA ALAMBRADO OU FECHAMENTO | F25: UN | G25: 44 | H25: 0 | I25: =ROUND(ROUND(H25,2)*(1+J$7),2) -> 0 | J25: =ROUND(G25*I25,2) -> 0
B26: 1.3.2 | C26: CDHU-D | D26: 04.09.160 | E26: RETIRADA DE ENTELAMENTO METÁLICO EM GERAL | F26: M2 | G26: 134.4 | H26: 0 | I26: =ROUND(ROUND(H26,2)*(1+J$7),2) -> 0 | J26: =ROUND(G26*I26,2) -> 0
B27: 1.3.3 | C27: CDHU-D | D27: 03.01.220 | E27: DEMOLIÇÃO MECANIZADA DE CONCRETO SIMPLES, INCLUSIVE FRAGMENTAÇÃO, CARREGAMENTO, TRANSPORTE ATÉ 1 QUILÔMETRO E DESCARREGAMENTO | F27: M3 | G27: 2.52 | H27: 0 | I27: =ROUND(ROUND(H27,2)*(1+J$7),2) -> 0 | J27: =ROUND(G27*I27,2) -> 0
B28: 1.3.4 | C28: CDHU-D | D28: 05.07.040 | E28: REMOÇÃO DE ENTULHO SEPARADO DE OBRA COM CAÇAMBA METÁLICA - TERRA, ALVENARIA, CONCRETO, ARGAMASSA, MADEIRA, PAPEL, PLASTICO OU METAL. | F28: M3 | G28: 3.28 | H28: 0 | I28: =ROUND(ROUND(H28,2)*(1+J$7),2) -> 0 | J28: =ROUND(G28*I28,2) -> 0
B29: 2 | E29: MURO DE ARRIMO | J29: =J30 -> 0
B30: 2.1 | E30: MURO DE ARRIMO | J30: =SUM(J31:J58) -> 0
B31: 2.1.1 | C31: CDHU-D | D31: 02.10.050 | E31: LOCAÇÃO PARA MUROS, CERCAS E ALAMBRADOS | F31: M | G31: 26.75 | H31: 0 | I31: =ROUND(ROUND(H31,2)*(1+J$7),2) -> 0 | J31: =ROUND(G31*I31,2) -> 0
B32: 2.1.2 | C32: SINAPI | D32: 101174 | E32: ESTACA BROCA DE CONCRETO, DIÂMETRO DE 25CM, ESCAVAÇÃO MANUAL COM TRADO CONCHA, COM ARMADURA DE ARRANQUE. AF_05/2020 | F32: M | G32: 100 | H32: 0 | I32: =ROUND(ROUND(H32,2)*(1+J$7),2) -> 0 | J32: =ROUND(G32*I32,2) -> 0
B33: 2.1.3 | C33: SINAPI | D33: 96523 | E33: ESCAVAÇÃO MANUAL PARA BLOCO DE COROAMENTO OU SAPATA (INCLUINDO ESCAVAÇÃO PARA COLOCAÇÃO DE FÔRMAS). AF_01/2024 | F33: M3 | G33: 3.78 | H33: 0 | I33: =ROUND(ROUND(H33,2)*(1+J$7),2) -> 0 | J33: =ROUND(G33*I33,2) -> 0
B34: 2.1.4 | C34: SINAPI | D34: 96527 | E34: ESCAVAÇÃO MANUAL PARA VIGA BALDRAME OU SAPATA CORRIDA (INCLUINDO ESCAVAÇÃO PARA COLOCAÇÃO DE FÔRMAS). AF_01/2024 | F34: M3 | G34: 3.21 | H34: 0 | I34: =ROUND(ROUND(H34,2)*(1+J$7),2) -> 0 | J34: =ROUND(G34*I34,2) -> 0
B35: 2.1.5 | C35: FDE | D35: 02.01.010 | E35: APILOAMENTO PARA SIMPLES REGULARIZACAO | F35: M2 | G35: 15.2 | H35: 0 | I35: =ROUND(ROUND(H35,2)*(1+J$7),2) -> 0 | J35: =ROUND(G35*I35,2) -> 0
B36: 2.1.6 | C36: CDHU-D | D36: 06.11.040 | E36: REATERRO MANUAL APILOADO SEM CONTROLE DE COMPACTAÇÃO | F36: M3 | G36: 3.14 | H36: 0 | I36: =ROUND(ROUND(H36,2)*(1+J$7),2) -> 0 | J36: =ROUND(G36*I36,2) -> 0
B37: 2.1.7 | C37: SINAPI | D37: 96617 | E37: LASTRO DE CONCRETO MAGRO, APLICADO EM BLOCOS DE COROAMENTO OU SAPATAS, ESPESSURA DE 3 CM. AF_01/2024 | F37: M2 | G37: 9.85 | H37: 0 | I37: =ROUND(ROUND(H37,2)*(1+J$7),2) -> 0 | J37: =ROUND(G37*I37,2) -> 0
B38: 2.1.8 | C38: SINAPI | D38: 96534 | E38: FABRICAÇÃO, MONTAGEM E DESMONTAGEM DE FÔRMA PARA BLOCO DE COROAMENTO, EM MADEIRA SERRADA, E=25 MM, 4 UTILIZAÇÕES. AF_01/2024 | F38: M2 | G38: 13.5 | H38: 0 | I38: =ROUND(ROUND(H38,2)*(1+J$7),2) -> 0 | J38: =ROUND(G38*I38,2) -> 0
B39: 2.1.9 | C39: SINAPI | D39: 96536 | E39: FABRICAÇÃO, MONTAGEM E DESMONTAGEM DE FÔRMA PARA VIGA BALDRAME, EM MADEIRA SERRADA, E=25 MM, 4 UTILIZAÇÕES. AF_01/2024 | F39: M2 | G39: 16.05 | H39: 0 | I39: =ROUND(ROUND(H39,2)*(1+J$7),2) -> 0 | J39: =ROUND(G39*I39,2) -> 0
B40: 2.1.10 | C40: SINAPI | D40: 95583 | E40: MONTAGEM DE ARMADURA TRANSVERSAL DE ESTACAS DE SEÇÃO CIRCULAR, DIÂMETRO = 5,0 MM. AF_09/2021_PS | F40: KG | G40: 39.34 | H40: 0 | I40: =ROUND(ROUND(H40,2)*(1+J$7),2) -> 0 | J40: =ROUND(G40*I40,2) -> 0
B41: 2.1.11 | C41: SINAPI | D41: 95577 | E41: MONTAGEM DE ARMADURA DE ESTACAS, DIÂMETRO = 10,0 MM. AF_09/2021_PS | F41: KG | G41: 117.85 | H41: 0 | I41: =ROUND(ROUND(H41,2)*(1+J$7),2) -> 0 | J41: =ROUND(G41*I41,2) -> 0
B42: 2.1.12 | C42: SINAPI | D42: 96546 | E42: ARMAÇÃO DE BLOCO UTILIZANDO AÇO CA-50 DE 10 MM - MONTAGEM. AF_01/2024 | F42: KG | G42: 64.86 | H42: 0 | I42: =ROUND(ROUND(H42,2)*(1+J$7),2) -> 0 | J42: =ROUND(G42*I42,2) -> 0
... B58: 2.1.28 | C58: CDHU-D | D58: 46.02.010 | E58: TUBO DE PVC RÍGIDO BRANCO, PONTAS LISAS, SOLDÁVEL, LINHA ESGOTO SÉRIE NORMAL, DN= 40 MM, INCLUSIVE CONEXÕES | F58: M | G58: 4.2 | H58: 0 | I58: =ROUND(ROUND(H58,2)*(1+J$7),2) -> 0 | J58: =ROUND(G58*I58,2) -> 0
B59: 3 | E59: MURO DE DIVISA | J59: =J60 -> 0
B60: 3.1 | E60: MURO DE DIVISA | J60: =SUM(J61:J80) -> 0
B61: 3.1.1 | C61: CDHU-D | D61: 02.10.050 | E61: LOCAÇÃO PARA MUROS, CERCAS E ALAMBRADOS | F61: M | G61: 58.8 | H61: 0 | I61: =ROUND(ROUND(H61,2)*(1+J$7),2) -> 0 | J61: =ROUND(G61*I61,2) -> 0
B62: 3.1.2 | C62: SINAPI | D62: 101173 | E62: ESTACA BROCA DE CONCRETO, DIÂMETRO DE 20CM, ESCAVAÇÃO MANUAL COM TRADO CONCHA, COM ARMADURA DE ARRANQUE. AF_05/2020 | F62: M | G62: 72 | H62: 0 | I62: =ROUND(ROUND(H62,2)*(1+J$7),2) -> 0 | J62: =ROUND(G62*I62,2) -> 0
B63: 3.1.3 | C63: SINAPI | D63: 96527 | E63: ESCAVAÇÃO MANUAL PARA VIGA BALDRAME OU SAPATA CORRIDA (INCLUINDO ESCAVAÇÃO PARA COLOCAÇÃO DE FÔRMAS). AF_01/2024 | F63: M3 | G63: 6.18 | H63: 0 | I63: =ROUND(ROUND(H63,2)*(1+J$7),2) -> 0 | J63: =ROUND(G63*I63,2) -> 0
B64: 3.1.4 | C64: FDE | D64: 02.01.010 | E64: APILOAMENTO PARA SIMPLES REGULARIZACAO | F64: M2 | G64: 20.58 | H64: 0 | I64: =ROUND(ROUND(H64,2)*(1+J$7),2) -> 0 | J64: =ROUND(G64*I64,2) -> 0
B65: 3.1.5 | C65: CDHU-D | D65: 06.11.040 | E65: REATERRO MANUAL APILOADO SEM CONTROLE DE COMPACTAÇÃO | F65: M3 | G65: 3.53 | H65: 0 | I65: =ROUND(ROUND(H65,2)*(1+J$7),2) -> 0 | J65: =ROUND(G65*I65,2) -> 0
B66: 3.1.6 | C66: SINAPI | D66: 96617 | E66: LASTRO DE CONCRETO MAGRO, APLICADO EM BLOCOS DE COROAMENTO OU SAPATAS, ESPESSURA DE 3 CM. AF_01/2024 | F66: M2 | G66: 8.82 | H66: 0 | I66: =ROUND(ROUND(H66,2)*(1+J$7),2) -> 0 | J66: =ROUND(G66*I66,2) -> 0
B67: 3.1.7 | C67: SINAPI | D67: 96536 | E67: FABRICAÇÃO, MONTAGEM E DESMONTAGEM DE FÔRMA PARA VIGA BALDRAME, EM MADEIRA SERRADA, E=25 MM, 4 UTILIZAÇÕES. AF_01/2024 | F67: M2 | G67: 35.29 | H67: 0 | I67: =ROUND(ROUND(H67,2)*(1+J$7),2) -> 0 | J67: =ROUND(G67*I67,2) -> 0
B68: 3.1.8 | C68: SINAPI | D68: 95583 | E68: MONTAGEM DE ARMADURA TRANSVERSAL DE ESTACAS DE SEÇÃO CIRCULAR, DIÂMETRO = 5,0 MM. AF_09/2021_PS | F68: KG | G68: 39.92 | H68: 0 | I68: =ROUND(ROUND(H68,2)*(1+J$7),2) -> 0 | J68: =ROUND(G68*I68,2) -> 0
B69: 3.1.9 | C69: SINAPI | D69: 95577 | E69: MONTAGEM DE ARMADURA DE ESTACAS, DIÂMETRO = 10,0 MM. AF_09/2021_PS | F69: KG | G69: 177.7 | H69: 0 | I69: =ROUND(ROUND(H69,2)*(1+J$7),2) -> 0 | J69: =ROUND(G69*I69,2) -> 0
B70: 3.1.10 | C70: SINAPI | D70: 104919 | E70: ARMAÇÃO DE SAPATA ISOLADA, VIGA BALDRAME E SAPATA CORRIDA UTILIZANDO AÇO CA-50 DE 10 MM - MONTAGEM. AF_01/2024 | F70: KG | G70: 152.18 | H70: 0 | I70: =ROUND(ROUND(H70,2)*(1+J$7),2) -> 0 | J70: =ROUND(G70*I70,2) -> 0
B71: 3.1.11 | C71: SINAPI | D71: 104916 | E71: ARMAÇÃO DE SAPATA ISOLADA, VIGA BALDRAME E SAPATA CORRIDA UTILIZANDO AÇO CA-60 DE 5 MM - MONTAGEM. AF_01/2024 | F71: KG | G71: 55.68 | H71: 0 | I71: =ROUND(ROUND(H71,2)*(1+J$7),2) -> 0 | J71: =ROUND(G71*I71,2) -> 0
B72: 3.1.12 | C72: CDHU-D | D72: 11.01.130 | E72: CONCRETO USINADO, FCK = 25 MPA | F72: M3 | G72: 2.65 | H72: 0 | I72: =ROUND(ROUND(H72,2)*(1+J$7),2) -> 0 | J72: =ROUND(G72*I72,2) -> 0
... B80: 3.1.20 | C80: CDHU-D | D80: 14.10.111 | E80: ALVENARIA DE BLOCO DE CONCRETO DE VEDAÇÃO DE 14 CM - CLASSE C | F80: M2 | G80: 158.26 | H80: 0 | I80: =ROUND(ROUND(H80,2)*(1+J$7),2) -> 0 | J80: =ROUND(G80*I80,2) -> 0
B81: 4 | E81: DRENAGEM | J81: =J82 -> 0
B82: 4.1 | E82: DRENAGEM | J82: =SUM(J83:J94) -> 0
B83: 4.1.1 | C83: CDHU-D | D83: 06.02.020 | E83: ESCAVAÇÃO MANUAL EM SOLO DE 1ª E 2ª CATEGORIA EM VALA OU CAVA ATÉ 1,5 M | F83: M3 | G83: 2.33 | H83: 0 | I83: =ROUND(ROUND(H83,2)*(1+J$7),2) -> 0 | J83: =ROUND(G83*I83,2) -> 0
B84: 4.1.2 | C84: CDHU-D | D84: 06.11.040 | E84: REATERRO MANUAL APILOADO SEM CONTROLE DE COMPACTAÇÃO | F84: M3 | G84: 1.78 | H84: 0 | I84: =ROUND(ROUND(H84,2)*(1+J$7),2) -> 0 | J84: =ROUND(G84*I84,2) -> 0
B85: 4.1.3 | C85: SINAPI | D85: 89578 | E85: TUBO PVC, SÉRIE R, ÁGUA PLUVIAL, DN 100 MM, FORNECIDO E INSTALADO EM CONDUTORES VERTICAIS DE ÁGUAS PLUVIAIS. AF_06/2022 | F85: M | G85: 12 | H85: 0 | I85: =ROUND(ROUND(H85,2)*(1+J$7),2) -> 0 | J85: =ROUND(G85*I85,2) -> 0
B86: 4.1.4 | C86: SINAPI | D86: 104166 | E86: TUBO PVC, SÉRIE R, ÁGUA PLUVIAL, DN 150 MM, FORNECIDO E INSTALADO EM RAMAL DE ENCAMINHAMENTO. AF_06/2022 | F86: M | G86: 31 | H86: 0 | I86: =ROUND(ROUND(H86,2)*(1+J$7),2) -> 0 | J86: =ROUND(G86*I86,2) -> 0
B87: 4.1.5 | C87: SINAPI | D87: 101800 | E87: CAIXA COM GRELHA RETANGULAR DE FERRO FUNDIDO, EM ALVENARIA COM TIJOLOS CERÂMICOS MACIÇOS, DIMENSÕES INTERNAS: 0,30 X 1,00 X 1,00. AF_12/2020 | F87: UN | G87: 1 | H87: 0 | I87: =ROUND(ROUND(H87,2)*(1+J$7),2) -> 0 | J87: =ROUND(G87*I87,2) -> 0
B88: 4.1.6 | C88: SINAPI | D88: 99253 | E88: CAIXA ENTERRADA HIDRÁULICA RETANGULAR EM ALVENARIA COM TIJOLOS CERÂMICOS MACIÇOS, DIMENSÕES INTERNAS: 0,6X0,6X0,6 M PARA REDE DE DRENAGEM. AF_12/2020 | F88: UN | G88: 2 | H88: 0 | I88: =ROUND(ROUND(H88,2)*(1+J$7),2) -> 0 | J88: =ROUND(G88*I88,2) -> 0
B89: 4.1.7 | C89: SINAPI | D89: 99257 | E89: CAIXA ENTERRADA HIDRÁULICA RETANGULAR EM ALVENARIA COM TIJOLOS CERÂMICOS MACIÇOS, DIMENSÕES INTERNAS: 1X1X0,6 M PARA REDE DE DRENAGEM. AF_12/2020 | F89: UN | G89: 1 | H89: 0 | I89: =ROUND(ROUND(H89,2)*(1+J$7),2) -> 0 | J89: =ROUND(G89*I89,2) -> 0
B90: 4.1.8 | C90: CDHU-D | D90: 14.02.030 | E90: ALVENARIA DE ELEVAÇÃO DE 1/2 TIJOLO MACIÇO COMUM | F90: M2 | G90: 6 | H90: 0 | I90: =ROUND(ROUND(H90,2)*(1+J$7),2) -> 0 | J90: =ROUND(G90*I90,2) -> 0
B91: 4.1.9 | C91: SINAPI | D91: 87879 | E91: CHAPISCO APLICADO EM ALVENARIAS E ESTRUTURAS DE CONCRETO INTERNAS, COM COLHER DE PEDREIRO. ARGAMASSA TRAÇO 1:3 COM PREPARO EM BETONEIRA 400L. AF_10/2022 | F91: M2 | G91: 15 | H91: 0 | I91: =ROUND(ROUND(H91,2)*(1+J$7),2) -> 0 | J91: =ROUND(G91*I91,2) -> 0
B92: 4.1.10 | C92: SINAPI | D92: 98562 | E92: IMPERMEABILIZAÇÃO DE SUPERFÍCIE COM ARGAMASSA DE CIMENTO E AREIA, COM ADITIVO IMPERMEABILIZANTE, E = 1,5CM. AF_09/2023 | F92: M2 | G92: 15 | H92: 0 | I92: =ROUND(ROUND(H92,2)*(1+J$7),2) -> 0 | J92: =ROUND(G92*I92,2) -> 0
B93: 4.1.11 | C93: CDHU-D | D93: 11.04.060 | E93: CONCRETO NÃO ESTRUTURAL EXECUTADO NO LOCAL, MÍNIMO 300 KG CIMENTO / M³ | F93: M3 | G93: 1 | H93: 0 | I93: =ROUND(ROUND(H93,2)*(1+J$7),2) -> 0 | J93: =ROUND(G93*I93,2) -> 0
B94: 4.1.12 | C94: Composição | D94: COMP. 004 | E94: GRELHA DE FERRO, LARG=32CM, EM VERGALHÕES 5/8", ESPAÇAMENTO=4CM, COM REQUADRO EM BARRA CHATA FERRO 2"X5/16 | F94: M | G94: 21.5 | H94: 0 | I94: =ROUND(ROUND(H94,2)*(1+J$7),2) -> 0 | J94: =ROUND(G94*I94,2) -> 0
B95: 5 | E95: REFEITÓRIO | J95: =J96 -> 0
B96: 5.1 | E96: REFEITORIO | J96: =SUM(J97:J133) -> 0
B97: 5.1.1 | C97: CDHU-D | D97: 04.09.020 | E97: RETIRADA DE ESQUADRIA METÁLICA EM GERAL | F97: M2 | G97: 3.88 | H97: 0 | I97: =ROUND(ROUND(H97,2)*(1+J$7),2) -> 0 | J97: =ROUND(G97*I97,2) -> 0
B98: 5.1.2 | C98: SINAPI | D98: 97644 | E98: REMOÇÃO DE PORTAS, DE FORMA MANUAL, SEM REAPROVEITAMENTO. AF_09/2023 | F98: M2 | G98: 1.89 | H98: 0 | I98: =ROUND(ROUND(H98,2)*(1+J$7),2) -> 0 | J98: =ROUND(G98*I98,2) -> 0
B99: 5.1.3 | C99: CDHU-D | D99: 04.11.020 | E99: RETIRADA DE APARELHO SANITÁRIO INCLUINDO ACESSÓRIOS | F99: UN | G99: 1 | H99: 0 | I99: =ROUND(ROUND(H99,2)*(1+J$7),2) -> 0 | J99: =ROUND(G99*I99,2) -> 0
B100: 5.1.4 | C100: SINAPI | D100: 97633 | E100: DEMOLIÇÃO DE REVESTIMENTO CERÂMICO, DE FORMA MANUAL, SEM REAPROVEITAMENTO. AF_09/2023 | F100: M2 | G100: 31.33 | H100: 0 | I100: =ROUND(ROUND(H100,2)*(1+J$7),2) -> 0 | J100: =ROUND(G100*I100,2) -> 0
B101: 5.1.5 | C101: CDHU-D | D101: 03.10.140 | E101: REMOÇÃO DE PINTURA EM MASSA COM LIXAMENTO | F101: M2 | G101: 55.55 | H101: 0 | I101: =ROUND(ROUND(H101,2)*(1+J$7),2) -> 0 | J101: =ROUND(G101*I101,2) -> 0
B102: 5.1.6 | C102: CDHU-D | D102: 11.20.050 | E102: CORTE DE JUNTA DE DILATAÇÃO, COM SERRA DE DISCO DIAMANTADO PARA PISOS | F102: M | G102: 6.15 | H102: 0 | I102: =ROUND(ROUND(H102,2)*(1+J$7),2) -> 0 | J102: =ROUND(G102*I102,2) -> 0
B103: 5.1.7 | C103: CDHU-D | D103: 04.11.030 | E103: RETIRADA DE BANCADA INCLUINDO PERTENCES | F103: M2 | G103: 0.41 | H103: 0 | I103: =ROUND(ROUND(H103,2)*(1+J$7),2) -> 0 | J103: =ROUND(G103*I103,2) -> 0
B104: 5.1.8 | C104: SINAPI | D104: 104790 | E104: DEMOLIÇÃO DE PISO DE CONCRETO SIMPLES, DE FORMA MECANIZADA COM MARTELETE, SEM REAPROVEITAMENTO. AF_09/2023 | F104: M3 | G104: 0.6 | H104: 0 | I104: =ROUND(ROUND(H104,2)*(1+J$7),2) -> 0 | J104: =ROUND(G104*I104,2) -> 0
B105: 5.1.9 | C105: CDHU-D | D105: 05.07.040 | E105: REMOÇÃO DE ENTULHO SEPARADO DE OBRA COM CAÇAMBA METÁLICA - TERRA, ALVENARIA, CONCRETO, ARGAMASSA, MADEIRA, PAPEL, PLASTICO OU METAL. | F105: M3 | G105: 2.01 | H105: 0 | I105: =ROUND(ROUND(H105,2)*(1+J$7),2) -> 0 | J105: =ROUND(G105*I105,2) -> 0
B106: 5.1.10 | C106: SINAPI | D106: 103330 | E106: ALVENARIA DE VEDAÇÃO DE BLOCOS CERÂMICOS FURADOS NA HORIZONTAL DE 11,5X19X19 CM (ESPESSURA 11,5 CM) E ARGAMASSA DE ASSENTAMENTO COM PREPARO EM BETONEIRA. AF_12/2021 | F106: M2 | G106: 1.89 | H106: 0 | I106: =ROUND(ROUND(H106,2)*(1+J$7),2) -> 0 | J106: =ROUND(G106*I106,2) -> 0
B107: 5.1.11 | C107: CDHU-D | D107: 24.02.060 | E107: PORTA/PORTÃO DE ABRIR EM CHAPA, SOB MEDIDA | F107: M2 | G107: 2.1 | H107: 0 | I107: =ROUND(ROUND(H107,2)*(1+J$7),2) -> 0 | J107: =ROUND(G107*I107,2) -> 0
B108: 5.1.12 | C108: SINAPI | D108: 90823 | E108: PORTA DE MADEIRA PARA PINTURA, SEMI-OCA (LEVE OU MÉDIA), 90X210CM, ESPESSURA DE 3,5CM, INCLUSO DOBRADIÇAS - FORNECIMENTO E INSTALAÇÃO. AF_12/2019 | F108: UN | G108: 1 | H108: 0 | I108: =ROUND(ROUND(H108,2)*(1+J$7),2) -> 0 | J108: =ROUND(G108*I108,2) -> 0
... B133: 5.1.37 | C133: SINAPI | D133: 100759 | E133: PINTURA COM TINTA ALQUÍDICA DE ACABAMENTO (ESMALTE SINTÉTICO BRILHANTE) PULVERIZADA SOBRE SUPERFÍCIES METÁLICAS (EXCETO PERFIL) EXECUTADO EM OBRA (02 DEMÃOS). AF_01/2020_PE | F133: M2 | G133: 28.77 | H133: 0 | I133: =ROUND(ROUND(H133,2)*(1+J$7),2) -> 0 | J133: =ROUND(G133*I133,2) -> 0
E135: TOTAL DO ORÇAMENTO | J135: =J15+J29+J59+J81+J95 -> 0

Sheet Comp
B4: COMPOSIÇÕES ANALITICAS AUXILIARES | H4: =Planilha!I4 -> 45876
B8: Unidade | C8: =Planilha!C7 -> CAPS AD NORTE
B9: Objeto | C9: =Planilha!C8 -> EXECUÇÃO DE MURO DE DIVISA E REFORMA DO REFEITÓRIO
B10: Local | C10: =Planilha!C9 -> RUA JOAQUIM ROSA DOS SANTOS, 851
C11: =Planilha!C10 -> VILA CLEMENTINA | F11: Cidade: | G11: =Planilha!H10 -> SÃO JOSÉ DO RIO PRETO - SP
B13: COMP. 003 | D13: PINTURA DE ACABAMENTO COM APLICAÇÃO DE 02 DEMÃOS DE VERNIZ ACRÍLICO, CORAL OU SIMILAR | E13: M2 | G13: ORSE | H13: =SUM(H15:H17) -> 0
B14: FONTE | C14: CÓDIGO | D14: DESCRIÇÃO DO INSUMO | E14: UNIDADE | F14: COEFICIENTE | G14: CUSTO UNITÁRIO | H14: CUSTO TOTAL
B15: SINAPI | C15: 88310 | D15: PINTOR COM ENCARGOS COMPLEMENTARES | E15: H | F15: 0.35 | G15: 0 | H15: =IF(G15=0,"",ROUND(F15*G15,2))
B16: SINAPI | C16: 88316 | D16: SERVENTE COM ENCARGOS COMPLEMENTARES | E16: H | F16: 0.15 | G16: 0 | H16: =IF(G16=0,"",ROUND(F16*G16,2))
B17: ORSE | C17: 04740/ORSE | D17: VERNIZ ACRILICO INCOLOR, CORAL OU SIMILAR | E17: L | F17: 0.16 | G17: 0 | H17: =IF(G17=0,"",ROUND(F17*G17,2))
B19: COMP. 004 | D19: GRELHA DE FERRO, LARG=32CM, EM VERGALHÕES 5/8", ESPAÇAMENTO=4CM, COM REQUADRO EM BARRA CHATA FERRO 2"X5/16 | E19: M | G19: ORSE | H19: =SUM(H21:H25) -> 0
B20: FONTE | C20: CÓDIGO | D20: DESCRIÇÃO DO INSUMO | E20: UNIDADE | F20: COEFICIENTE | G20: CUSTO UNITÁRIO | H20: CUSTO TOTAL
B21: SINAPI | C21: 88317 | D21: SOLDADOR COM ENCARGOS COMPLEMENTARES | E21: H | F21: 1.5 | G21: 0 | H21: =IF(G21=0,"",ROUND(F21*G21,2))
B22: SINAPI | C22: 88316 | D22: SERVENTE COM ENCARGOS COMPLEMENTARES | E22: H | F22: 1.5 | G22: 0 | H22: =IF(G22=0,"",ROUND(F22*G22,2))
B23: SINAPI-I | C23: 10997 | D23: ELETRODO REVESTIDO AWS - E7018, DIAMETRO IGUAL A 4,00 MM | E23: KG | F23: 0.5 | G23: 0 | H23: =IF(G23=0,"",ROUND(F23*G23,2))
B24: SINAPI-I | C24: 000560 | D24: BARRA DE ACO CHATO, RETANGULAR, 50,8 MM X 7,94 MM (L X E), 3,162 KG/M | E24: M | F24: 2.42 | G24: 0 | H24: =IF(G24=0,"",ROUND(F24*G24,2))
B25: ORSE | C25: 00081/ORSE | D25: AÇO CA-50 6,3 A 12,5 MM | E25: KG | F25: 12.56 | G25: 0 | H25: =IF(G25=0,"",ROUND(F25*G25,2))
B27: Altamir Roberto Marascalchi Filho - Eng° Civil - CREA 5070622761
B28: e-mail: sms.obras@riopreto.sp.gov.br - (17) 3216-9787

Sheet Cronograma
J3: CRONOGRAMA FÍSICO - FINANCEIRO
B4: UNIDADE: | E4: =Planilha!C7 -> CAPS AD NORTE
B5: OBJETO: | E5: =Planilha!C8 -> EXECUÇÃO DE MURO DE DIVISA E REFORMA DO REFEITÓRIO | M5: CIDADE: | N5: =Planilha!H10 -> SÃO JOSÉ DO RIO PRETO - SP
B6: LOCAL: | E6: =Planilha!C9 -> RUA JOAQUIM ROSA DOS SANTOS, 851 | F6: =Planilha!C10 -> VILA CLEMENTINA
B7: ITEM | E7: DESCRIÇÃO | F7: VALOR (R$) | G7: % | H7: 1 | K7: 2 | N7: 3 | Q7: 4
H9: R$ | I9: % | J9: %ACUM. | K9: R$ | L9: % | M9: %ACUM. | N9: R$ | O9: % | P9: %ACUM. | Q9: R$ | R9: % | S9: %ACUM.
E10: =Planilha!E15 -> SERVIÇOS PRELIMINARES | F10: =Planilha!J15 -> 0 | G10: =F10/F$16 -> #DIV/0! | H10: =$F10*I10% -> 0 | I10: 0 | J10: =I10 -> 0 | K10: =$F10*L10% -> 0 | L10: 0 | M10: =L10+J10 -> 0 | N10: =$F10*O10% -> 0 | O10: 0 | P10: =O10+M10 -> 0 | Q10: =$F10*R10% -> 0 | R10: 0 | S10: =R10+P10 -> 0
E11: =Planilha!E29 -> MURO DE ARRIMO | F11: =Planilha!J29 -> 0 | G11: =F11/F$16 -> #DIV/0! | H11: =$F11*I11% -> 0 | I11: 0 | J11: =I11 -> 0 | K11: =$F11*L11% -> 0 | L11: 0 | M11: =L11+J11 -> 0 | N11: =$F11*O11% -> 0 | O11: 0 | P11: =O11+M11 -> 0 | Q11: =$F11*R11% -> 0 | R11: 0 | S11: =R11+P11 -> 0
E12: =Planilha!E59 -> MURO DE DIVISA | F12: =Planilha!J59 -> 0 | G12: =F12/F$16 -> #DIV/0! | H12: =$F12*I12% -> 0 | I12: 0 | J12: =I12 -> 0 | K12: =$F12*L12% -> 0 | L12: 0 | M12: =L12+J12 -> 0 | N12: =$F12*O12% -> 0 | O12: 0 | P12: =O12+M12 -> 0 | Q12: =$F12*R12% -> 0 | R12: 0 | S12: =R12+P12 -> 0
E13: =Planilha!E81 -> DRENAGEM | F13: =Planilha!J81 -> 0 | G13: =F13/F$16 -> #DIV/0! | H13: =$F13*I13% -> 0 | I13: 0 | J13: =I13 -> 0 | K13: =$F13*L13% -> 0 | L13: 0 | M13: =L13+J13 -> 0 | N13: =$F13*O13% -> 0 | O13: 0 | P13: =O13+M13 -> 0 | Q13: =$F13*R13% -> 0 | R13: 0 | S13: =R13+P13 -> 0
E14: =Planilha!E95 -> REFEITÓRIO | F14: =Planilha!J95 -> 0 | G14: =F14/F$16 -> #DIV/0! | H14: =$F14*I14% -> 0 | I14: 0 | J14: =I14 -> 0 | K14: =$F14*L14% -> 0 | L14: 0 | M14: =L14+J14 -> 0 | N14: =$F14*O14% -> 0 | O14: 0 | P14: =O14+M14 -> 0 | Q14: =$F14*R14% -> 0 | R14: 0 | S14: =R14+P14 -> 0
B16: TOTAIS | E16: ORÇAMENTO | F16: =SUM(F10:F14) -> 0 | G16: =SUM(G10:G14) -> #DIV/0!
E17: % EXECUTADO NO PERÍODO | H17: =H19/$F$16 -> #DIV/0! | K17: =K19/$F$16 -> #DIV/0! | N17: =N19/$F$16 -> #DIV/0! | Q17: =Q19/$F$16 -> #DIV/0!
E18: % ACUMULADO NO PERÍODO | H18: =H17 -> #DIV/0! | K18: =K17+H18 -> #DIV/0! | N18: =N17+K18 -> #DIV/0! | Q18: =Q17+N18 -> #DIV/0!
E19: VALOR (R$) EXECUTADO NO PERÍODO | H19: =SUM(H10:H14) -> 0 | K19: =SUM(K10:K14) -> 0 | N19: =SUM(N10:N14) -> 0 | Q19: =SUM(Q10:Q14) -> 0
E20: VALOR (R$) ACUMULADO NO PERÍODO | H20: =H19 -> 0 | K20: =K19+H20 -> 0 | N20: =N19+K20 -> 0 | Q20: =Q19+N20 -> 0
